 Dungeon Crawl Stone Soup version 0.30-a0-55-g90e3122c3a (webtiles) character file.

Game seed: 6087162502467770976

21 jlumianski the Chiller (level 3, -4/26 HPs)
             Began as a Meteoran Ice Elementalist on Sept 9, 2022.
             Slain by an iguana (6 damage)
             ... on level 5 of the Dungeon.
             The game lasted 00:06:17 (429 turns).

jlumianski the Chiller (Meteoran Ice Elementalist)   Turns: 429, Time: 00:06:18

Health: -4/26      AC:  3    Str: 10    XL:     3   Next: 20%
Magic:  4/8        EV: 12    Int: 18    God:
Gold:   79         SH:  0    Dex: 14    Spells: 4/8 levels left

rFire   . . .      SeeInvis .    h - +0 short sword
rCold   . . .      Faith    .    (no shield)
rNeg    . . .      Spirit   .    l - +0 leather armour
rPois   .          Reflect  .    (no helmet)
rElec   .          Harm     .    (no cloak)
rCorr   .          Rampage  .    (no gloves)
Will    .....                    (no boots)
Stlth   +.........               (no amulet)
HPRegen 0.08/turn                (no ring)
MPRegen 0.11/turn                (no ring)

@: freezing walls, glowing
A: sense surroundings 1, otherworldly, glowing, explore regen
a: no special abilities


You were on level 5 of the Dungeon.
You visited 1 branch of the dungeon, and saw 5 of its levels.

You collected 79 gold pieces.

Inventory:

Hand Weapons
 h - a +0 short sword (weapon)
 k - a +0 sling
Missiles
 e - 11 stones
 i - 4 boomerangs (quivered)
Armour
 a - a +0 robe
 l - a +0 leather armour (worn)
Scrolls
 c - a scroll of blinking {unknown}
 g - a scroll of enchant armour {unknown}
 j - a scroll of fear {unknown}
Potions
 b - a potion of magic
 d - a potion of cancellation
 f - a potion of flight


   Skills:
 + Level 2.4 Dodging
 + Level 1.5 Stealth
 + Level 3.0 Spellcasting
 + Level 5.0 Ice Magic


You had 4 spell levels left.
You knew the following spells:

 Your Spells              Type           Power      Damage    Failure   Level
a - Freeze                Ice            84%        1d10      2%          1
b - Frozen Ramparts       Ice            42%        1d7       9%          3

Your spell library contained the following spells:

 Spells                   Type           Power      Damage    Failure   Level
 Ozocubu's Armour         Ice            21%        N/A       9%          3
 Necrotise                Necr           8%         1d4       22%         1
 Slow                     Hex            8%         N/A       22%         1
 Call Canine Familiar     Summ           2%         N/A       54%         3
 Portal Projectile        Hex/Tloc       4%         N/A       54%         3
 Vampiric Draining        Necr           2%         2d6       54%         3
 Hailstorm                Conj/Ice       11%        3d5       61%         4
 Leda's Liquefaction      Hex/Erth       1%         N/A       91%         4
 Agony                    Necr           2%         N/A       99%         5


Dungeon Overview and Level Annotations

Branches:
Dungeon (5/15) Zot: 2569
 Temple: D:4-7

Altars:

Shops:
D:3 [


Innate Abilities, Weirdness & Mutations

You passively map a small area around you.
You are easily found by Zot.
You glow in the dark.
You regain HP and MP as you explore.


Message History

You freeze the ball python.
You kill the ball python!
You see here a ball python corpse.
There is a stone staircase leading down here.
Magic restored.
You climb downwards.
Found a scroll labelled RACLEL MUEN.
There is a stone staircase leading up here.
c - a scroll labelled RACLEL MUEN
Found a stone staircase leading down.
There is a stone staircase leading down here.
You climb downwards.
The iguana hisses angrily.
There is a stone staircase leading up here.
Casting: Freeze (safe; 2% risk of failure)
Confirm with . or Enter, or press ? or * to list all spells.
Aiming: Freeze (safe; 2% risk of failure)
Press: ? - help, Shift-Dir - straight line, f - iguana
Aim: an iguana You freeze the iguana.
The iguana is moderately wounded.
The iguana bites you!
Casting: Freeze (safe; 2% risk of failure)
Confirm with . or Enter, or press ? or * to list all spells.
The spell is quite dangerous to miscast (9% risk of failure)!
Continue anyway?
Casting: Frozen Ramparts (quite dangerous; 9% risk of failure)
Press: ? - help, Dir - look around, f - activate A stone staircase leading up, spattered with blood.
The walls around you are covered in ice.
The wall freezes the iguana.
The iguana barely misses you.
You completely miss the iguana.
The iguana is severely wounded.
The wall freezes the iguana.
The iguana bites you!
Ouch! That really hurt!
* * * LOW HITPOINT WARNING * * *
You hit the iguana.
The iguana is almost dead.
The wall freezes the iguana but does no damage.
The iguana bites you.
You die...

, ,,,
, ,
*#..#
, ,,
,#..#
,,,
#..#
*#
#..#
#.#..#
#.#..#
*
#....#
#@l#
####


You could see an iguana.

Vanquished Creatures
  3 ball pythons
  4 bats
  3 endoplasms (D:1)
  A giant cockroach (D:2)
  A goblin (D:2)
  2 hobgoblins (D:1)
  A quokka (D:1)
  2 kobolds
17 creatures vanquished.

Notes
Turn   | Place    | Note
-------+----------+-------------------------------------------
     0 | D:1      | jlumianski the Meteoran Ice Elementalist began the quest
                  | for the Orb.
     0 | D:1      | Reached XP level 1. HP: 14/14 MP: 5/5
    42 | D:1      | Found a faded altar of an unknown god.
    55 | D:1      | Got Plato's Grimoire of Enchantment
    85 | D:1      | Reached XP level 2. HP: 19/20 MP: 2/6
   352 | D:2      | Reached XP level 3. HP: 26/26 MP: 6/8
   371 | D:3      | Reached skill level 5 in Ice Magic
   377 | D:3      | Learned a level 3 spell: Frozen Ramparts
   382 | D:3      | Found Luchoz's Antique Armour Emporium.
   425 | D:5      | Entered Level 5 of the Dungeon
   429 | D:5      | Slain by an iguana

Illustrated notes

Levels and vault maps discovered:
D:1:      mrwooster_arrival_arrow, layout_basic, serial_aquarium,
          aquarium_bridge_straight [aquarium_subvault_bridge,
          aquarium_subvault_balcony, aquarium_subvault_bridge,
          aquarium_subvault_wall], aquarium_bridge_straight
          [aquarium_subvault_bridge, aquarium_subvault_wall,
          aquarium_subvault_bridge, aquarium_subvault_window],
          aquarium_window_1, aquarium_window_fake, aquarium_window_corner,
          aquarium_window_2, aquarium_view_2a, aquarium_view_2a,
          shapermc_ecumenical_altar_rom_forum, minmay_octomino_c4
D:2:      layout_rooms, corexii_item_surrounded_by_moat, st_stairs_9
D:3:      layout_loops_ring, grunt_temple_overflow_gold_and_silver,
          mainiacjoe_overflow_surrounded_room, serial_shops,
          nicolae_shop_behind_doors, shop, shop, nicolae_shop_advertising_works
          [nicolae_subvault_shop_adworks], hangedman_decor_slide_cut
D:4:      layout_rooms, mainiacjoe_overflow_catwalk, fedhas_altar_2,
          minmay_temple_entry_gardened_gates
D:5:      layout_basic, evilmike_ruin_ashenzari, general_overflow_altar,
          grunt_ministairs_6, chequers_serial_rivers_micro_d, hex_medium

Skill      XL: |  1  2  3 |
---------------+----------+-----
Spellcasting   | 3 |  3.0
Ice Magic      | 5 |  5.0
Dodging        | |  2.4
Stealth        | |  1.5

Action                   || total
-------------------------++-------
Melee: Unarmed           ||     2
       Short sword       ||     7
Throw: Boomerang         ||     1
 Cast: Freeze            ||    28
       Frozen Ramparts   ||     1
  Use: Scroll            ||     2
Armor: Robe              ||     6
       Leather armour    ||     8
Dodge: Dodged            ||    24

Table legend: (Time is in decaauts)
 A = Elapsed time spent in this place.
 B = Non-inter-level travel time spent in this place.
 C = Inter-level travel time spent in this place.
 D = Time resting spent in this place.
 E = Time spent auto-exploring this place.
 F = Levels seen in this place.
 G = Mean time per level.
                   A        B        C        D        E       F      G
               +--------+--------+--------+--------+--------+-----+--------+
         Total |    429 |    429 |      0 |      0 |     39 |   5 |   85.8 |
       Dungeon |    429 |    429 |      0 |      0 |     39 |   5 |   85.8 |
               +--------+--------+--------+--------+--------+-----+--------+

Top non-repeatable levels by time:
     D:2: 200 daAuts
     D:1: 168 daAuts
     D:3: 42 daAuts
     D:4: 13 daAuts
     D:5: 3 daAuts
